 Dungeon Crawl Stone Soup version 0.21.1-1-g345015f (webtiles) character file.

108 Fang the Skirmisher (level 4, -10/43 HPs)
             Began as a Gargoyle Berserker on Apr 23, 2018.
             Was a Believer of Trog.
             Mangled by a gnoll
             ... wielding a +0 halberd
              (13 damage)
             ... on level 2 of the Dungeon.
             The game lasted 00:03:03 (2469 turns).

Fang the Skirmisher (Gargoyle Berserker)            Turns: 2469, Time: 00:03:04

Health: -10/43     AC:  3    Str: 26    XL:     4   Next: 87%
Magic:  4/4        EV: 12    Int:  8    God:    Trog [**....]
Gold:   132        SH:  0    Dex:  9    Spells: 3/3 levels left

rFire    . . .     SeeInvis .   a - +2 hand axe
rCold    . . .     Gourm    .   (no shield)
rNeg     + . .     Faith    .   b - +1 animal skin
rPois    ∞         Spirit   .   (no helmet)
rElec    +         Reflect  .   (no cloak)
rCorr    .         Harm     .   (no gloves)
MR       .....                  (no boots)
Stlth    ..........             (no amulet)
HPRegen  0.14/turn              l - -3 ring of protection (curse)
MPRegen  0.09/turn              (no ring)

@: berserking, very slightly contaminated, very quick
A: negative energy resistance 1, electricity resistance, unbreathing,
petrification resistance, rot immunity, AC +3
a: Berserk, Trog's Hand, Burn Spellbooks, Renounce Religion


You were on level 2 of the Dungeon.
You worshipped Trog.
Trog was pleased with you.
You were hungry.

You visited 1 branch of the dungeon, and saw 2 of its levels.

You collected 132 gold pieces.

Inventory:

Hand Weapons
 a - a +2 hand axe (weapon)
Armour
 b - a +1 animal skin (worn)
Jewellery
 l - a cursed -3 ring of protection (left hand)
Potions
 d - a potion of degeneration {unknown}
 f - a potion of curing {unknown}
 j - 2 potions of agility {unknown}
 o - 2 potions of brilliance {unknown}
Comestibles
 c - 7 rations


   Skills:
 + Level 4.2 Fighting
 + Level 3.9 Axes
 + Level 2.4 Armour
 + Level 2.0 Dodging
 + Level 0.4 Stealth


You had 3 spell levels left.
You didn't know any spells.

Dungeon Overview and Level Annotations

Branches:
Dungeon (2/15)

Altars:


Innate Abilities, Weirdness & Mutations

You are resistant to torment.
Your stone body is resilient. (AC +3)
You are immune to poison.
You resist negative energy. (rN+)
You are resistant to electric shocks. (rElec)
You can survive without breathing.
You are immune to petrification.
You are immune to rotting.


Message History

You hit the gnoll.
The gnoll is severely wounded.
The gnoll barely misses you. x2
You barely miss the gnoll.
The gnoll is severely wounded.
The gnoll hits you with a halberd!
* * * LOW HITPOINT WARNING * * *
The gnoll hits you from afar with a spear.
* * * LOW HITPOINT WARNING * * *
You are too injured to fight recklessly!
You are too injured to fight recklessly!
You are too injured to fight recklessly!
You are too injured to fight recklessly!
You are too injured to fight recklessly!
You are too injured to fight recklessly!
A red film seems to cover your vision as you go berserk!
You feel yourself moving faster!
You feel mighty!
You are feeling hungry.
The gnoll closely misses you. The gnoll hits you with a halberd!
You die...

####### #.....# #.....#
#.....#
################†gg..###
).†.............@.......
####.##.........######.#
#.#.P........#
#.#♣♣........#
#.#..........#
#.##P........#
#.##.........#
#.##.........#
#.##........)#


You could see 2 gnolls.

Vanquished Creatures
  A worker ant (D:2)
  Robin (D:2)
  A gnoll (D:2)
  An adder (D:2)
  An ooze (D:1)
  2 worms (D:2)
  2 dart slugs (D:1)
  2 bats
  2 giant cockroaches (D:2)
  11 goblins
  5 hobgoblins
  2 frilled lizards (D:1)
  6 kobolds
  3 rats
  A plant (D:1)
41 creatures vanquished.

Notes
Turn   | Place    | Note
-------+----------+-------------------------------------------
     0 | D:1      | Fang the Gargoyle Berserker began the quest for the Orb.
     0 | D:1      | Reached XP level 1. HP: 14/14 MP: 1/1
   479 | D:1      | Reached XP level 2. HP: 18/19 MP: 2/2
   705 | D:1      | Reached XP level 3. HP: 14/24 MP: 3/3
  1234 | D:2      | Noticed Robin
  1236 | D:2      | Reached skill level 4 in Fighting
  1250 | D:2      | Killed Robin
  1259 | D:2      | Reached ** piety under Trog
  1481 | D:2      | Reached XP level 4. HP: 6/29 MP: 4/4
  2469 | D:2      | Mangled by a gnoll

Skill      XL: |  1  2  3  4 |
---------------+-------------+-----
Axes           | 3 |  3.9
Fighting       | 4 |  4.2
Dodging        | 2 |  2.0
Armour         | |  2.4
Stealth        | |  0.4

Action                   |  1- 3 |  4- 6 || total
-------------------------+-------+-------++-------
Melee: Hand axe          |   179 |    45 ||   224
Invok: Berserk           |     1 |     2 ||     3
  Use: Scroll            |       |     8 ||     8
  Eat: Chunk             |     3 |     4 ||     7
Armor: Animal skin       |    30 |    19 ||    49
Dodge: Dodged            |    80 |    30 ||   110
